 Dungeon Crawl Stone Soup version 0.31.0-12-g77e489cdc1 (webtiles) character file.

Game seed: 1177311438528928619

27214 Peloso the Fencer (level 13, -6/119 HPs)
             Began as a Minotaur Fighter on Mar 2, 2024.
             Was a High Priest of Okawaru.
             Mangled by a komodo dragon (12 damage)
             ... on level 2 of the Lair of Beasts.
             The game lasted 00:30:59 (14942 turns).

Peloso the Fencer (Minotaur Fighter)               Turns: 14942, Time: 00:30:59

Health: -6/119     AC: 22    Str: 22    XL:     13   Next: 3%
Magic:  12/12      EV:  8    Int:  8    God:    Okawaru [*****.]
Gold:   959        SH:  0    Dex: 18    Spells: 12/12 levels left

rFire   + . .        b - +8 great sword "Mud Pie of Death" {heavy, Int+3 Dex+4}
rCold   + . .        (shield currently unavailable)
rNeg    + + .        c - +1 plate armour
rPois   +            h - -2 hat of the Alchemist {rElec rPois rF+ rC+ rN+ Will+ rMut rCorr}
rElec   +            o - +2 cloak
rCorr   +            n - +0 pair of gloves
SInv    .            l - +0 pair of boots
Will    +....        (no amulet) Stlth
                     I - ring of positive energy
HPRegen 0.39/turn    K - +4 ring of slaying
MPRegen 0.13/turn

%: resist mutation
@: about to teleport
A: horns 2, retaliatory headbutt
a: Renounce Religion, Heroism, Finesse, Duel


You were on level 2 of the Lair of Beasts.
You worshipped Okawaru.
Okawaru was extremely pleased with you.
You visited 3 branches of the dungeon, and saw 14 of its levels.
You also visited: Ossuary and Gauntlet.

You collected 959 gold pieces.

Inventory:

Hand Weapons
 a - a +1 scimitar of flaming
 b - the +8 great sword "Mud Pie of Death" (weapon) {heavy, Int+3 Dex+4}
   (You found it in a Gauntlet)

   Int+3:     It affects your intelligence (+3).
   Dex+4:     It affects your dexterity (+4).
Armour
 c - a +1 plate armour (worn)
 d - a +0 kite shield of protection
 e - the +1 cloak of Starlight {*Dazzle EV+4 Stlth--}
   (You found it in a Gauntlet)

   *Dazzle:   It may blind those who miss an attack against the wearer in melee
   combat.
   EV+4:      It affects your evasion (+4).
   Stlth--:   It makes you much less stealthy.
 h - the -2 hat of the Alchemist (worn) {rElec rPois rF+ rC+ rN+ Will+ rMut rCorr}
   (You found it in a Gauntlet)

   rF+:       It protects you from fire.
   rC+:       It protects you from cold.
   rElec:     It insulates you from electricity.
   rPois:     It protects you from poison rN+: It protects you from negative
   energy.
   Will+:     It increases your willpower.
   rCorr:     It protects you from acid and corrosion.
   rMut:      It protects you from mutation.
 l - a +0 pair of boots (worn)
 m - a +1 hat
 n - a +0 pair of gloves (worn)
 o - a +2 cloak (worn)
 H - the +2 scale mail of Ycwoill {rElec SInv}
   (You found it on level 10 of the Dungeon)

   rElec:     It insulates you from electricity.
   SInv:      It lets you see invisible.
Jewellery
 t - a ring of magical power
 u - a ring of protection from cold
 x - an amulet of magic regeneration
 I - a ring of positive energy (left hand)
 K - a +4 ring of slaying (right hand)
Wands
 f - a wand of roots (27)
 w - a wand of polymorph (9)
 A - a wand of paralysis (17)
 F - a wand of mindburst (12)
 J - a wand of acid (7)
Scrolls
 g - 4 scrolls of teleportation
 j - 2 scrolls of fog
 k - a scroll of enchant armour
 p - a scroll of vulnerability
 r - 2 scrolls of immolation
 v - a scroll of enchant weapon
 y - a scroll of amnesia
 B - 3 scrolls of poison
 D - a scroll of acquirement
 E - a scroll of butterflies
 G - 3 scrolls of identify
Potions
 i - a potion of might
 q - 2 potions of attraction
 s - 4 potions of enlightenment
 z - a potion of brilliance
 C - 3 potions of lignification
 L - 5 potions of ambrosia


   Skills:
 + Level 12.6 Fighting
 + Level 16.0 Long Blades
 + Level 13.7 Armour
 + Level 2.4 Dodging
 + Level 0.7 Stealth
 + Level 11.0 Shields
 + Level 1.0 Invocations
 + Level 2.0 Evocations


You had 12 spell levels left.
You didn't know any spells.
Your spell library contained the following spells:

 Spells                   Type           Power      Damage    Failure   Level
 Kiss of Death            Conj/Necr      0%         2d5       99%         1
 Sting                    Conj/Alch      0%         1d3       99%         1
 Blink                    Tloc           0%         N/A       100%        2
 Lesser Beckoning         Tloc           0%         N/A       100%        2
 Mercury Vapours          Alch/Air       0%         N/A       100%        2
 Momentum Strike          Conj/Tloc      0%         3d8       100%        2
 Confusing Touch          Hex            0%         N/A       100%        3
 Dazzling Flash           Conj/Hex       0%         N/A       100%        3
 Hailstorm                Conj/Ice       0%         3d5       100%        3
 Mephitic Cloud           Conj/Alch/Air  0%         N/A       100%        3
 Dispel Undead            Necr           0%         3d6       100%        4
 Olgreb's Toxic Radiance  Alch           0%         N/A       100%        4
 Curse of Agony           Necr           0%         N/A       100%        5
 Silence                  Hex/Air        0%         N/A       100%        5
 Summon Ice Beast         Ice/Summ       Unusable   N/A       N/A         3
 Sculpt Simulacrum        Ice/Alch       Unusable   N/A       N/A         6

Dungeon Overview and Level Annotations

Branches:
Dungeon (11/15)            Temple (1/1) D:6            Lair (2/5) D:10
  Swamp (0/4) Lair:2        Snake (0/4) Lair:2          Orc (0/2) D:10
Ossuary (visited)         Gauntlet (visited)

Altars:
Ashenzari
Cheibriados
Dithmenos
Elyvilon
Fedhas
Gozag
Hepliaklqana
Kikubaaqudgha
Makhleb
Nemelex Xobeh
Okawaru
Qazlal
Ru
Sif Muna
Trog
Uskayaw
Vehumet
Wu Jian
Xom
Yredelemnul
Zin
The Shining One

Shops:
D:1 =

Annotations:
D:11 Urug


Innate Abilities, Weirdness & Mutations

You have a pair of horns on your head.
You reflexively headbutt those who attack you in melee.


Message History

Unknown command.
You closely miss the yak.
The yak is heavily wounded.
The yak gores you. The yak gores you but does no damage. The yak gores you.
Unknown command.
You hit the yak. You headbutt the yak!
The yak is almost dead.
The yak gores you but does no damage. x3
Unknown command.
You slash the yak!
You kill the yak!
Okawaru accepts your kill. The yak gores you. x2
* * * LOW HITPOINT WARNING * * *
The yak gores you!
* * * LOW HITPOINT WARNING * * *
The yak attacks as it pursues you! The yak gores you.
* * * LOW HITPOINT WARNING * * *
The yak gores you but does no damage. The yak attacks as it pursues you!
The yak barely misses you. You furiously retaliate!
You headbutt the yak. The yak attacks as it pursues you!
The yak gores you but does no damage.
A komodo dragon comes into view.
A rime drake comes into view.
The rime drake hisses angrily.
The rime drake breathes ice at you. The icy flash freeze hits you!
You partially resist.
* * * LOW HITPOINT WARNING * * *
You are encased in ice.
A komodo dragon comes into view.
The rime drake moves out of view.
The komodo dragon hisses angrily.
Okay, then.
As you read the scroll of teleportation, it crumbles to dust.
You feel strangely unstable.
The komodo dragon bites you but does no damage.
The yak gores you but does no damage. The ice encasing you melts away.
The komodo dragon bites you!
You die...

#.......###
######....#
###....#
####......#
#......####
##......#####
##.Y......##.##
##.YY......†††.#
#.@lY######...##
#.##.lk.##.....#
#..##.#.#.....##
##..#####......#
..........######
#P......#
##.....##
#....## #....#


You could see 2 komodo dragons, 4 yaks and a rime drake (catching breath).

Vanquished Creatures
  Gastronok (D:11)
  A minotaur (Gauntlet)
  A hydra (Lair:2)
  A two-headed ogre (D:10)
  A catoblepas (Gauntlet)
  A fire crab (Gauntlet)
  A goliath frog (Lair:2)
  A glowing orange brain (Gauntlet)
  A wolf spider (D:11)
  A manticore (D:11)
  An ugly thing (Gauntlet)
  6 elephants (Lair:2)
  Maurice (D:9)
  3 black mambas
  6 cane toads (Lair:1)
  A gargoyle (Gauntlet)
  Maggie (D:10)
  A minotaur zombie (Gauntlet)
  2 rime drakes
  3 komodo dragons
  A queen bee (Lair:1)
  2 trolls (D:11)
  2 hornets
  5 wyverns
  A shadow (D:11)
  A wraith (D:10)
  23 yaks
  4 fire bats (Gauntlet)
  2 basilisks
  Eustachio (D:5)
  Grum (D:11)
  A steam dragon (D:9)
  2 vampire mosquitoes (D:11)
  3 acid dragons
  A naga (Lair:2)
  5 water moccasins
  A sky beast (D:8)
  3 ice beasts
  A black bear (Lair:1)
  3 orc warriors
  2 ogres (D:5)
  5 wolves
  4 centaurs
  A phantom (D:4)
  4 gnoll sergeants
  4 kobold brigands
  13 bullfrogs
  A scorpion (D:6)
  6 water moccasin zombies (Ossuary)
  A burial acolyte (Ossuary)
  31 killer bees
  3 howler monkeys
  An electric eel (Lair:2)
  3 hounds (D:10)
  A spectral scorpion (Ossuary)
  4 orc priests
  2 bombardier beetles
  5 jellies
  3 gnoll boudas (D:10)
  3 iguanas
  A sleepcap (D:8)
  Ijyb (D:5)
  9 orc wizards
  A bullfrog simulacrum (Ossuary)
  2 mummies (Ossuary)
  18 gnolls
  5 adders
  A shadow imp (D:6)
  A white imp (D:6)
  3 adder zombies (Ossuary)
  2 dart slugs
  26 orcs
  A bat (D:3)
  3 endoplasms
  2 giant cockroaches
  8 goblins
  6 hobgoblins
  14 jackals
  2 quokkas
  7 ball pythons
  5 frilled lizards
  14 gnoll zombies (Ossuary)
  4 jackal zombies (Ossuary)
  15 kobolds
  6 orc zombies (Ossuary)
  7 rats
359 creatures vanquished.

Vanquished Creatures (others)
  An orc wizard (D:7)
1 creature vanquished.

Grand Total: 360 creatures vanquished

Notes
Turn   | Place    | Note
-------+----------+-------------------------------------------
     0 | D:1      | Peloso the Minotaur Fighter began the quest for the Orb.
     0 | D:1      | Reached XP level 1. HP: 19/19 MP: 0/0
    84 | D:1      | Reached XP level 2. HP: 18/27 MP: 1/1
   372 | D:1      | Found Asinler's Jewellery Shop.
   595 | D:2      | Reached XP level 3. HP: 32/33 MP: 2/2
   941 | D:2      | Reached skill level 3 in Long Blades
  1399 | D:3      | Reached XP level 4. HP: 18/41 MP: 3/3
  1766 | D:3      | Found a faded altar of an unknown god.
  1893 | D:3      | Found a sparkling altar of Nemelex Xobeh.
  2218 | D:4      | You fall into a shaft and drop 3 floors!
  2221 | D:7      | Noticed a bullfrog
  2229 | D:7      | Killed a bullfrog
  2230 | D:7      | Reached skill level 4 in Long Blades
  2230 | D:7      | Reached XP level 5. HP: 33/47 MP: 4/4
  2255 | D:7      | Reached skill level 5 in Armour
  2268 | D:7      | Reached skill level 5 in Fighting
  2268 | D:7      | Reached XP level 6. HP: 30/56 MP: 5/5
  2364 | D:7      | Noticed an ice beast
  2386 | D:7      | Killed an ice beast
  2387 | D:7      | Reached skill level 5 in Long Blades
  2651 | D:7      | Reached skill level 6 in Long Blades
  2651 | D:7      | Reached XP level 7. HP: 36/61 MP: 6/6
  2743 | D:6      | Found a sand-covered staircase.
  2751 | Ossuary  | Entered an ossuary
  2984 | Ossuary  | Reached skill level 7 in Long Blades
  3051 | Ossuary  | Reached skill level 8 in Long Blades
  3053 | Ossuary  | Reached XP level 8. HP: 70/70 MP: 7/7
  3495 | D:6      | Reached skill level 5 in Shields
  3496 | D:6      | Found a staircase to the Ecumenical Temple.
  3512 | Temple   | Entered the Ecumenical Temple
  3520 | Temple   | Became a worshipper of Warmaster Okawaru
  3634 | D:6      | Reached skill level 9 in Long Blades
  4412 | D:5      | Entered Level 5 of the Dungeon
  4660 | D:5      | Noticed Ijyb
  4683 | D:5      | Reached skill level 10 in Long Blades
  4693 | D:5      | Killed Ijyb
  4809 | D:5      | Paralysed by an orc for 3 turns
  4822 | D:5      | Noticed Eustachio
  4844 | D:5      | Paralysed by an orc for 4 turns
  4885 | D:5      | Killed Eustachio
  4886 | D:5      | Reached XP level 9. HP: 49/79 MP: 8/8
  5315 | D:4      | Reached * piety under Okawaru
  7034 | D:8      | Found a sacrificial altar of Ru.
  7040 | D:8      | Found a stormy altar of Qazlal.
  7426 | D:8      | Reached skill level 11 in Long Blades
  7638 | D:8      | Reached ** piety under Okawaru
  8202 | D:9      | Noticed Maurice
  8212 | D:9      | Killed Maurice
  8213 | D:9      | Reached XP level 10. HP: 65/90 MP: 9/9
  8228 | D:8      | Reached *** piety under Okawaru
  8229 | D:8      | Reached skill level 12 in Long Blades
  8339 | D:9      | Reached skill level 1 in Evocations
  8919 | D:10     | Entered Level 10 of the Dungeon
  8925 | D:10     | Identified the +2 scale mail of Ycwoill {rElec SInv}
  8988 | D:10     | Reached skill level 10 in Armour
  8992 | D:10     | HP: 4/90 [something/puff of flame (9)]
  9558 | D:10     | Reached **** piety under Okawaru
  9659 | D:10     | Found a staircase to the Lair.
  9688 | D:10     | Reached skill level 13 in Long Blades
  9846 | D:10     | Found a staircase to the Orcish Mines.
  9853 | D:10     | Identified the +7 war axe of the Noxious God {venom, rElec
                  | rPois rF-}
  9884 | D:10     | Noticed Maggie
  9891 | D:10     | Killed Maggie
  9903 | D:10     | Noticed a two-headed ogre
  9928 | D:10     | Killed a two-headed ogre
  9928 | D:10     | Reached ***** piety under Okawaru
  9929 | D:10     | Reached skill level 10 in Fighting
  9929 | D:10     | Reached skill level 1 in Dodging
  9954 | D:10     | Reached XP level 11. HP: 75/99 MP: 10/10
 10379 | D:10     | Received a gift from Okawaru
 10409 | D:10     | Found a glowing golden altar of the Shining One.
 10781 | D:11     | Noticed Gastronok
 10796 | D:11     | Killed Gastronok
 11508 | D:11     | Noticed Grum
 11518 | D:11     | Killed Grum
 11550 | D:11     | Noticed a wolf spider
 11593 | D:11     | Killed a wolf spider
 11988 | D:11     | Reached skill level 14 in Long Blades
 11995 | D:11     | Noticed Urug
 12141 | Lair:1   | Entered Level 1 of the Lair of Beasts
 12211 | Lair:1   | Received a gift from Okawaru
 12269 | Lair:1   | Found a gate leading to a gauntlet.
 12278 | Gauntlet | Entered a Gauntlet
 12278 | Gauntlet | Found a transporter.
 12287 | Gauntlet | Found a transporter.
 12287 | Gauntlet | Found the +1 cloak of Starlight {*Dazzle EV+4 Stlth--}
 12289 | Gauntlet | Found a transporter.
 12291 | Gauntlet | Found a transporter.
 12294 | Gauntlet | Noticed a great orb of eyes
 12296 | Gauntlet | Noticed a fire crab
 12308 | Gauntlet | Found a transporter.
 12322 | Gauntlet | Found a transporter.
 12324 | Gauntlet | Found a large runed translucent door.
 12324 | Gauntlet | Found a large runed translucent door.
 12325 | Gauntlet | Found a large runed translucent door.
 12325 | Gauntlet | Found a large runed translucent door.
 12326 | Gauntlet | Found a large runed translucent door.
 12326 | Gauntlet | Found a runed translucent door.
 12326 | Gauntlet | Found a large runed translucent door.
 12326 | Gauntlet | Found a runed translucent door.
 12326 | Gauntlet | Found a large runed translucent door.
 12326 | Gauntlet | Found a large runed translucent door.
 12327 | Gauntlet | Found a large runed translucent door.
 12327 | Gauntlet | Found a large runed translucent door.
 12330 | Gauntlet | Found a transporter.
 12351 | Gauntlet | Found a transporter.
 12352 | Gauntlet | Noticed a quicksilver ooze
 12361 | Gauntlet | Found a large runed translucent door.
 12362 | Gauntlet | Found a large runed translucent door.
 12363 | Gauntlet | Found a large runed translucent door.
 12364 | Gauntlet | Found a runed translucent gate.
 12365 | Gauntlet | Found a transporter.
 12365 | Gauntlet | Found a runed translucent gate.
 12366 | Gauntlet | Found a runed translucent gate.
 12381 | Gauntlet | Found a large runed translucent door.
 12382 | Gauntlet | Found a large runed translucent door.
 12383 | Gauntlet | Found a large runed translucent door.
 12391 | Gauntlet | Found a transporter.
 12394 | Gauntlet | Noticed a cyan ugly thing
 12417 | Gauntlet | Noticed a wretched star
 12421 | Gauntlet | Found a transporter.
 12428 | Gauntlet | Found a transporter.
 12451 | Gauntlet | Found a transporter.
 12456 | Gauntlet | Found a transporter.
 12458 | Gauntlet | Found a transporter.
 12478 | Gauntlet | Noticed a glowing orange brain
 12482 | Gauntlet | Found a transporter.
 12482 | Gauntlet | Noticed a purple ugly thing
 12483 | Gauntlet | Found the -2 hat of the Alchemist {rElec rPois rF+ rC+ rN+
                  | Will+ rMut rCorr}
 12488 | Gauntlet | Found a transporter.
 12540 | Gauntlet | Found a transporter.
 12549 | Gauntlet | Identified a scroll of acquirement
 12557 | Gauntlet | Noticed a catoblepas
 12592 | Gauntlet | Killed a fire crab
 12596 | Gauntlet | Reached skill level 10 in Shields
 12721 | Gauntlet | Killed a catoblepas
 12722 | Gauntlet | Reached XP level 12. HP: 100/110 MP: 9/11
 12794 | Gauntlet | Noticed a seven-headed hydra
 12800 | Gauntlet | Received a gift from Okawaru
 13034 | Gauntlet | Noticed a minotaur
 13059 | Gauntlet | Killed a minotaur
 13219 | Gauntlet | Identified the +8 great sword "Mud Pie of Death" {heavy,
                  | Int+3 Dex+4}
 13310 | Lair:1   | Reached skill level 1 in Invocations
 13719 | Lair:1   | Reached skill level 15 in Long Blades
 14341 | Lair:2   | Received a gift from Okawaru
 14447 | Lair:2   | Found a staircase to the Snake Pit.
 14575 | Lair:2   | Found a staircase to the Swamp.
 14789 | Lair:2   | Noticed a five-headed hydra
 14797 | Lair:2   | Killed a two-headed hydra
 14922 | Lair:2   | Reached XP level 13. HP: 107/119 MP: 12/12
 14928 | Lair:2   | Reached skill level 16 in Long Blades
 14940 | Lair:2   | HP: 5/119 [rime drake/icy flash freeze (13)]
 14942 | Lair:2   | Mangled by a komodo dragon

Illustrated notes

Levels and vault maps discovered:
D:1:      lemuel_arrival_behind_the_door_large, layout_rooms, serial_shops, shop
D:2:      layout_basic, minmay_strange_pillars
D:3:      layout_basic, lemuel_tele_altar, dilly_ecumenical_altar_fadedgnrine
D:4:      layout_basic
D:5:      layout_cave_pools, uniq_eustachio, uniq_ijyb
D:6:      layout_layer_cave, minmay_temple_entry_proselytizer,
          lightli_ossuary_entry_decrepit_ruins
D:7:      layout_rooms, wad_floor_pattern_2
D:8:      layout_gridville, chequers_temple_overflow_statue_of_worship
D:9:      layout_rooms, uniq_maurice
D:10:     layout_big_octagon, kennysheep_mini_moat, david_lair_shrubbed,
          orc_0_dummy, serial_gnoll_camp, gnoll_camp_mini_hut,
          gnoll_camp_medium_01, gnoll_camp_huts_basic,
          gnoll_camp_mini_loothouse, minmay_unpleasant_kobolds, uniq_maggie
D:11:     nzn_winding_woodlands_stair_cross [nzn_winding_woodlands_5x15_eye,
          nzn_winding_woodlands_center_garden,
          nzn_winding_woodlands_5x15_crooked, nzn_winding_woodlands_5x5_cross,
          nzn_winding_woodlands_5x5_three, nzn_winding_woodlands_5x15_sawtooth,
          nzn_winding_woodlands_center_triple_pond,
          nzn_winding_woodlands_5x15_pathside_ponds], layout_basic, uniq_grum,
          uniq_urug, uniq_gastronok
Temple:   eino_narrow_crystal_temple
Lair:1:   layout_roguey [special_room_bee], gauntlet_entry_generic,
          grunt_megastairs_2
Lair:2:   layout_cellular_growth, mainiacjoe_swamp_entry_lozenge_pond,
          guppyfry_snake_entry_island, beast_lair_carwin_11,
          serial_bayou_shore_a, uniq_erica

Skill      XL: |  1  2  3  4  5  6  7  8  9 10 11 12 13 |
---------------+----------------------------------------+-----
Fighting       | 4 5 6 7 8 10 11 12 | 12.6
Armour         | 4 5 6 7 9 10 12 13 | 13.7
Shields        | 4 5 6 7 10 11 | 11.0
Long Blades    | 3 4 6 8 10 11 13 14 15 16 | 16.0
Evocations     | 1 2 |  2.0
Dodging        | 1 2 |  2.4
Invocations    | 1 |  1.0
Stealth        | |  0.7

Action                     |  1- 3 |  4- 6 |  7- 9 | 10-12 | 13-15 || total
---------------------------+-------+-------+-------+-------+-------++-------
  Melee: Long sword        |   118 |   113 |   473 |   220 |       ||   924
         Headbutt          |    13 |    13 |    97 |   161 |     2 ||   286
         Scimitar          |       |       |       |   349 |       ||   349
         Great sword       |       |       |       |   107 |     8 ||   115
         Punch             |       |       |       |     1 |       ||     1
 Invoke: Heroism           |       |       |       |     9 |       ||     9
  Evoke: Wand              |       |       |     5 |    14 |       ||    19
    Use: Scroll            |     6 |       |    10 |     8 |     1 ||    25
         Potion            |     3 |     1 |       |    11 |       ||    15
 Armour: Scale mail        |    47 |       |       |       |       ||    47
         Plate armour      |    59 |   142 |   394 |   765 |    37 ||  1397
  Dodge: Dodged            |    67 |    54 |    89 |   261 |     8 ||   479
  Block: Buckler           |    33 |    27 |    88 |    22 |       ||   170
         Kite shield       |       |       |       |   324 |       ||   324
